 Dungeon Sprint DCSS version 0.27.1 (webtiles) character file.

Game seed: 1493430321104660438

179 styxcanada the Covert (level 5, -6/28 HPs)
             Began as a Spriggan Brigand on Aug 22, 2021.
             Was an Initiate of Gozag.
             Mangled by a spriggan (13 damage)
             ... in the Dungeon (Sprint IV: "Fedhas' Mad Dash").
             The game lasted 00:02:35 (258 turns).

styxcanada the Covert (Spriggan Brigand)             Turns: 258, Time: 00:02:36

Health: -6/28      AC:  3    Str:  7    XL:     5   Next: 33%
Magic:  5/6        EV: 19    Int: 13    God:    Gozag
Gold:   161        SH:  0    Dex: 17    Spells: 4/4 levels left

rFire    . . .     SeeInvis +   a - +2 dagger
rCold    . . .     Faith    .   (shield restricted)
rNeg     . . .     Spirit   .   b - +0 robe
rPois    .         Reflect  .   (helmet restricted)
rElec    .         Harm     .   c - +0 cloak
rCorr    .         Rampage  .   (gloves unavailable)
Will     .....     NoTele   +   (boots unavailable)
Stlth    ++++++....             l - amulet of invisibility {+Inv}
HPRegen  0.09/turn              (no ring)
MPRegen  0.10/turn              (no ring)

@: very slightly contaminated, very quick
A: very small, no large weapons, unfitting armour, see invisible, speed 3
a: Renounce Religion, Evoke Invisibility, Potion Petition, Call Merchant, Bribe
Branch


You were in the Dungeon.
You worshipped Gozag.
Gozag was aware of your devotion.
You visited 1 branch You collected 161 gold pieces.

Inventory:

Hand Weapons
 a - a +2 dagger (weapon)
Missiles
 d - 5 poisoned darts (quivered)
 m - 15 sling bullets
 p - 16 stones
Armour
 b - a +0 robe (worn)
 c - a +0 cloak (worn)
 o - +0 fire dragon scales
Jewellery
 l - the amulet of invisibility (around neck) {+Inv}
   (You found it in the Dungeon)

   [amulet of nothing]

   +Inv:      It lets you turn invisible.
Scrolls
 k - a scroll of blinking
 n - a scroll of magic mapping {unknown}
Potions
 f - a potion of curing
 g - a potion of heal wounds
 h - a potion of haste
 i - 2 potions of magic
 j - a potion of berserk rage


   Skills:
 * Level 3.3 Fighting
 + Level 3.2 Short Blades
 + Level 3.5 Throwing
 * Level 5.1 Dodging
 * Level 14.0 Stealth
 * Level 1.5 Evocations


You had 4 spell levels left.
You didn't know any spells.
Your spell library was empty.

Dungeon Overview and Level Annotations

Branches:
Dungeon (1/1)

Altars:
Cheibriados
Dithmenos
Elyvilon
Gozag
Hepliaklqana
Kikubaaqudgha
Makhleb
Nemelex Xobeh
Okawaru
Qazlal
Ru
Sif Muna
Trog
Uskayaw
Vehumet
Wu Jian
Xom
Yredelemnul
Zin
The Shining One
Beogh
Jiyva
Lugonu


Innate Abilities, Weirdness & Mutations

You are very small and have problems with some larger weapons.
You are too small for most types of armour.
You have supernaturally acute eyesight. (SInv)
You cover ground extremely quickly. (Speed+++)


Message History

Aim: a spriggan, wielding a +0 rapier and wearing a +0 robe (34% to hit)
You throw a curare-tipped dart.
The curare-tipped dart closely misses the spriggan.
The spriggan completely misses you. The spriggan hits you with a +0 rapier!
There is an open door here.
There is a corrupted altar of Lugonu here.
Throw: 8 darts (poison)
Press: ? - help, Q - select action, (/) - cycle Shift-Dir - straight line, f/p - spriggan
Aim: a spriggan, wielding a +0 rapier and wearing a +0 robe (34% to hit)
You throw a poisoned dart.
The poisoned dart barely misses the spriggan.
The poisoned dart hits the spriggan!
The spriggan is poisoned.
The spriggan misses you.
You flicker for a moment.
There is an ancient bone altar of Kikubaaqudgha here.
There is a viscous altar of Jiyva here.
Throw: 7 darts (poison)
Press: ? - help, Q - select action, (/) - cycle Shift-Dir - straight line, f/p - spriggan
Aim: a spriggan, wielding a +0 rapier and wearing a +0 robe (lightly wounded, very poisoned, 34% to hit)
You throw a poisoned dart. The poisoned dart hits the spriggan.
The spriggan looks even sicker.
The spriggan is lightly wounded.
The spriggan misses you.
The spriggan hits you with a +1 short sword of freezing.
* * * LOW HITPOINT WARNING * * *
The spriggan freezes you.
* * * LOW HITPOINT WARNING * * *
There is a hazy altar of Hepliaklqana here.
You flicker back into view.
There is an opulent altar of Gozag here.
There is an open door here.
Throw: 6 darts (poison)
Press: ? - help, Q - select action, (/) - cycle Shift-Dir - straight line, f/p - spriggan
Aim: a spriggan, wielding a +0 rapier and wearing a +0 robe (almost dead, very poisoned, 34% to hit)
You throw a poisoned dart.
The poisoned dart completely misses the spriggan.
The poisoned dart misses the spriggan.
The spriggan hits you with a +0 rapier!
You die...
Your body crumbles into a pile of gold.

#################################
#<..P#....†#.....#i⌠._._._._.⌠.#.
#PP..'.....'.#..@i.._._._(_.s.('.
#PPPP#.....#.#...#..._._._._...#.
###############+##.._._._._._..#.
#._._._._._.⌠.## $
$############### $ $


$$$$ $ $$ $ You could see 2 spriggans.

Vanquished Creatures
  A scorpion (D)
  3 oklob saplings (D)
  A river rat (D)
  A rat (D)
6 creatures vanquished.

Notes
Turn   | Place    | Note
-------+----------+-------------------------------------------
     0 | D        | styxcanada the Spriggan Brigand began the quest for the
                  | Orb.
     0 | D        | Reached XP level 1. HP: 10/10 MP: 2/2
    18 | D        | Reached skill level 7 in Stealth
    18 | D        | Reached XP level 2. HP: 12/15 MP: 3/3
    29 | D        | Reached skill level 8 in Stealth
    78 | D        | Noticed an oklob sapling
    80 | D        | Killed an oklob sapling
    81 | D        | Reached skill level 9 in Stealth
    81 | D        | Reached XP level 3. HP: 19/19 MP: 4/4
    82 | D        | Noticed a scorpion
    82 | D        | Found the amulet of invisibility {+Inv}
    84 | D        | Killed a scorpion
    85 | D        | Reached skill level 11 in Stealth
    85 | D        | Reached XP level 4. HP: 23/23 MP: 5/5
   107 | D        | Found an opulent altar of Gozag.
   107 | D        | Found a hazy altar of Hepliaklqana.
   107 | D        | Found a burning altar of Makhleb.
   107 | D        | Found a sparkling altar of Nemelex Xobeh.
   107 | D        | Found a snail-covered altar of Cheibriados.
   107 | D        | Found a sacrificial altar of Ru.
   107 | D        | Found a shimmering blue altar of Sif Muna.
   107 | D        | Found a shimmering altar of Xom.
   107 | D        | Found a basalt altar of Yredelemnul.
   108 | D        | Found a viscous altar of Jiyva.
   108 | D        | Found a bloodstained altar of Trog.
   108 | D        | Found an ornate altar of the Wu Jian Council.
   109 | D        | Found an iron altar of Okawaru.
   109 | D        | Found a shadowy altar of Dithmenos.
   109 | D        | Found a glowing silver altar of Zin.
   110 | D        | Found an ancient bone altar of Kikubaaqudgha.
   110 | D        | Found a hide-covered altar of Uskayaw.
   111 | D        | Found a stormy altar of Qazlal.
   111 | D        | Found a white marble altar of Elyvilon.
   111 | D        | Found a glowing golden altar of the Shining One.
   112 | D        | Became a worshipper of Gozag Ym Sagoz the Greedy
   113 | D        | Found a corrupted altar of Lugonu.
   113 | D        | Found a radiant altar of Vehumet.
   117 | D        | Reached skill level 13 in Stealth
   117 | D        | Reached XP level 5. HP: 28/28 MP: 3/6
   171 | D        | Reached skill level 5 in Dodging
   171 | D        | Reached skill level 14 in Stealth
   171 | D        | Reached skill level 1 in Evocations
   258 | D        | Mangled by a spriggan

Illustrated notes

Levels and vault maps discovered:
D:        dungeon_sprint_fedhas [sprint_temple]

Skill      XL: |  1  2  3  4  5 |
---------------+----------------+-----
Fighting       | 2 3 |  3.3
Dodging        | 2 3 4 5 |  5.1
Stealth        | 7 9 11 13 14 | 14.0
Throwing       | 3 |  3.5
Short Blades   | 3 |  3.2
Evocations     | 1 |  1.5

Action                   |  1- 3 |  4- 6 || total
-------------------------+-------+-------++-------
Melee: Dagger            |     4 |     3 ||     7
Throw: Dart              |     9 |     4 ||    13
 Abil: Evoke Invisibilit |       |     3 ||     3
 Stab: Sleeping          |     3 |     2 ||     5
Dodge: Dodged            |     3 |     3 ||     6
